 Dungeon Crawl Stone Soup version 0.21.1-1-g345015fe64 (webtiles) character file.

41 P0ring the Sneak (level 3, 0/21 HPs)
             Began as a Halfling Wizard on Apr 8, 2018.
             Killed from afar by a dart slug (5 damage)
             ... with a slug dart
             ... on level 2 of the Dungeon on Apr 14, 2018.
             The game lasted 00:08:11 (983 turns).

P0ring the Sneak (Halfling Wizard)                   Turns: 983, Time: 00:08:12

Health: 0/21       AC:  2    Str:  9    XL:     3   Next: 75%
Magic:  4/7        EV: 15    Int: 16    God:
Gold:   76         SH:  0    Dex: 12    Spells: 6/7 levels left

rFire    . . .     SeeInvis .   l - +0 spear (venom)
rCold    . . .     Gourm    .   (shield restricted)
rNeg     . . .     Faith    .   a - +0 robe
rPois    .         Spirit   .   b - +0 hat
rElec    .         Reflect  .   (no cloak)
rCorr    .         Harm     .   (no gloves)
MR       .....                  (no boots)
Stlth    ++........             (no amulet)
HPRegen  0.07/turn              (no ring)
MPRegen  0.10/turn              (no ring)

@: lethally poisoned (0 -> -1), hasted, very quick
A: small, mutation resistance 1
a: no special abilities


You were on level 2 of the Dungeon.
You were not hungry.

You visited 1 branch of the dungeon, and saw 2 of its levels.

You collected 76 gold pieces.

Inventory:

Hand Weapons
 l - a +0 spear of venom (weapon)
 q - a +0 dagger
 r - a +0 short sword
 v - a +0 short sword
Missiles
 k - 57 stones (quivered)
 w - 28 arrows
Armour
 a - a +0 robe (worn)
 b - a +0 hat (worn)
 h - a +0 leather armour
 n - a +0 robe
 o - a +0 ring mail
 s - a +0 robe
Scrolls
 e - a scroll of amnesia {unknown}
 f - a scroll of remove curse {unknown}
 g - a scroll of identify {unknown}
 m - a scroll of blinking {unknown}
 p - a scroll of magic mapping {unknown}
 t - a scroll of random uselessness {unknown}
 u - a scroll of teleportation {unknown}
Potions
 z - a potion of brilliance {unknown}
 A - a potion of flight {unknown}
Books
 c - a book of Minor Magic

   Spells                             Type                      Level
   a - Magic Dart                     Conjuration                  1
   b - Blink                          Translocation                2
   c - Call Imp                       Summoning                    2
   d - Slow                           Hexes                        2
   e - Conjure Flame                  Conjuration/Fire             3
   f - Mephitic Cloud                 Conjuration/Poison/Air       3
Comestibles
 d - a ration


   Skills:
 + Level 0.9 Polearms
 + Level 2.4 Dodging
 + Level 2.8 Stealth
 + Level 0.3 Unarmed Combat
 + Level 2.8 Spellcasting
 + Level 1.0 Conjurations
   Level 0.7 Summonings
   Level 1.1 Translocations


You had 6 spell levels left.
You knew the following spells:

 Your Spells              Type           Power        Failure   Level  Hunger
a - Magic Dart            Conj           #...         13%         1    #......


Dungeon Overview and Level Annotations

Branches:
Dungeon (2/15)

Altars:


Innate Abilities, Weirdness & Mutations

You are small and have problems with some larger weapons.
You are somewhat resistant to further mutation.


Message History

The adder is severely wounded.
The adder looks more healthy.
The kobold moves out of view.
The dart slug bites you. The adder misses you.
You closely miss the adder.
The adder is almost dead.
You feel sick. The adder closely misses you. The dart slug bites you.
The adder closely misses you.
You hit the adder.
You kill the adder!
The dart slug bites you.
* * * LOW HITPOINT WARNING * * *
You see here an adder corpse.
It was a potion of haste.
You feel yourself speed up. The dart slug closely misses you.
You hit the dart slug.
The dart slug is heavily wounded.
You feel sick. The dart slug launches a dart at you. The slug dart hits you!
You die...

#....# #
#.##.####...
#.#..)........
#.#.#.##.###....
#....w.#####'####
###.#†.##.......#
#.#..##.⌠...⌠.# #
#..##.......#
#...'@..⌠...+
#...#w......#
#...#.⌠..)⌠.#
##..#.......#
...####'##### ..
#.......'....#
#..
#.....#(#....#
#.# ## .....
#.#....# #.# #.
###
#.#....###.####.


You could see a dart slug.

Vanquished Creatures
  2 adders (D:2)
  A dart slug (D:2)
  4 goblins
  3 hobgoblins (D:1)
  A bat (D:2)
  4 frilled lizards
  6 kobolds
  2 rats (D:1)
23 creatures vanquished.

Notes
Turn   | Place    | Note
-------+----------+-------------------------------------------
     0 | D:1      | P0ring the Halfling Wizard began the quest for the Orb.
     0 | D:1      | Reached XP level 1. HP: 11/11 MP: 3/3
     3 | D:1      | Noticed a centaur
     3 | D:1      | Noticed a tengu
     5 | D:1      | Noticed a felid
     7 | D:1      | Noticed a gargoyle
     9 | D:1      | Noticed a vampire
     9 | D:1      | Noticed a spriggan
    11 | D:1      | Noticed a halfling
    11 | D:1      | Noticed a draconian
    13 | D:1      | Noticed an ogre
    13 | D:1      | Noticed a minotaur
    16 | D:1      | Noticed a dwarf
    16 | D:1      | Noticed an elf
    18 | D:1      | Noticed an octopode
    18 | D:1      | Noticed a formicid
    20 | D:1      | Noticed a naga
    20 | D:1      | Noticed a ghoul
    22 | D:1      | Noticed a demonspawn
    22 | D:1      | Noticed a demigod
    24 | D:1      | Noticed a troll
    26 | D:1      | Noticed a vine stalker
    26 | D:1      | Noticed a merfolk
    28 | D:1      | Noticed a human
   381 | D:1      | Reached XP level 2. HP: 17/17 MP: 0/5
   791 | D:2      | Reached XP level 3. HP: 8/21 MP: 0/7
   873 | D:2      | Reached skill level 1 in Conjurations
   983 | D:2      | Killed from afar by a dart slug

Skill      XL: |  1  2  3 |
---------------+----------+-----
Conjurations   | 1 |  1.0
Polearms       | |  0.9
Dodging        | |  2.4
Stealth        | |  2.8
Unarmed Combat | |  0.3
Spellcasting   | |  2.8
Summonings     | |  0.7
Translocations | |  1.1

Action                   || total
-------------------------++-------
Melee: Unarmed           ||     4
       Spear             ||    27
 Cast: Magic Dart        ||    36
  Use: Potion            ||     3
Armor: Robe              ||     1
Dodge: Dodged            ||    26
